 Dungeon Crawl Stone Soup version 0.29.1-2-gbd0b4ee654 (webtiles) character file.

Game seed: 5748338679808753457

5229 hawla the Frost Mage (level 11, -7/82 HPs)
             Began as a Meteoran Ice Elementalist on Oct 29, 2022.
             Was a Believer of Vehumet.
             Mangled by a seven-headed hydra (14 damage)
             ... on level 1 of the Lair of Beasts.
             The game lasted 00:25:15 (4995 turns).

hawla the Frost Mage (Meteoran Ice Elementalist)    Turns: 4995, Time: 00:25:17

Health: -7/82      AC:  9    Str:  9    XL:     11   Next: 14%
Magic:  14/23      EV: 14    Int: 20    God:    Vehumet [**....]
Gold:   441        SH:  0    Dex: 17    Spells: 11/25 levels left

rFire   . . .      SeeInvis .   f - +4 rapier (drain)
rCold   . . .      Faith    .   (no shield)
rNeg    . . .      Spirit   .   m - +0 steam dragon scales
rPois   .          Reflect  .   (no helmet)
rElec   .          Harm     .   k - +0 cloak
rCorr   .          Rampage  .   q - +0 pair of gloves
Will    +....                   c - +1 pair of boots
Stlth   +.........              (no amulet)
HPRegen 0.23/turn               j - ring of flight
MPRegen 0.18/turn               (no ring)

@: about to teleport, on blink cooldown, flying, glowing
A: sense surroundings 2, otherworldly, glowing, explore regen
a: Renounce Religion


You were on level 1 of the Lair of Beasts.
You worshipped Vehumet.
Vehumet was pleased with you.
You visited 3 branches of the dungeon, and saw 11 of its levels.

You collected 441 gold pieces.

Inventory:

Hand Weapons
 f - a +4 rapier of draining (weapon)
Armour
 c - a +1 pair of boots (worn)
 k - a +0 cloak (worn)
 m - +0 steam dragon scales (worn)
 q - a +0 pair of gloves (worn)
 y - the +1 leather armour "Farizem" {+Blink rF+ rN+}
   (You found it on level 8 of the Dungeon)

   rF:        It protects you from fire.
   rN:        It protects you from negative energy.
   +Blink:    It lets you blink.
Jewellery
 j - a ring of flight (left hand)
 w - a ring of magical power
Wands
 o - a wand of mindburst (31)
 s - a wand of iceblast (20)
Scrolls
 n - 2 scrolls of teleportation
 r - a scroll of fog
Potions
 a - a potion of mutation
 e - 7 potions of heal wounds {unknown}
 g - 4 potions of attraction
 h - a potion of brilliance
 i - a potion of degeneration
 l - a potion of ambrosia
 p - a potion of invisibility {unknown}
 t - a potion of cancellation {unknown}


   Skills:
 + Level 3.2 Fighting
 + Level 4.2 Short Blades
 + Level 4.8 Dodging
 - Level 1.4 Stealth
 + Level 7.8 Spellcasting
 + Level 4.3 Conjurations
 + Level 6.2 Necromancy
 + Level 2.9 Translocations
 + Level 12.0 Ice Magic


You had 11 spell levels left.
You knew the following spells:

 Your Spells              Type           Power      Damage    Failure   Level
a - Freeze                Ice            100%       1d11      1%          1
b - Frozen Ramparts       Ice            100%       1d16      1%          3
c - Hailstorm             Conj/Ice       40%        3d10      3%          4
d - Blink                 Tloc           38%        N/A       4%          2
e - Dispel Undead         Necr           32%        3d14      7%          4

Your spell library contained the following spells:

 Spells                   Type           Power      Damage    Failure   Level
 Scorch                   Fire           14%        2d5       13%         2
 Magic Dart               Conj           100%       1d8       1%          1
 Ozocubu's Armour         Ice            54%        N/A       1%          3
 Vampiric Draining        Necr           32%        2d8       1%          3
 Static Discharge         Conj/Air       16%        3-5/arc   5%          2
 Gell's Gravitas          Tloc           19%        N/A       8%          3
 Lesser Beckoning         Tloc           19%        N/A       8%          3
 Teleport Other           Tloc           19%        N/A       8%          3
 Slow                     Hex            28%        N/A       9%          1
 Call Imp                 Summ           7%         N/A       13%         2
 Mephitic Cloud           Conj/Pois/Air  13%        N/A       14%         3
 Portal Projectile        Hex/Tloc       26%        N/A       14%         3
 Confusing Touch          Hex            7%         N/A       26%         3
 Tukima's Dance           Hex            7%         N/A       26%         3
 Sticky Flame             Conj/Fire      16%        2d4       34%         4
 Manifold Assault         Tloc           19%        N/A       58%         5
 Fireball                 Conj/Fire      8%         3d6       69%         5
 Blade Hands              Tmut           3%         N/A       94%         5
 Starburst                Conj/Fire      8%         6d4       99%         6
 Storm Form               Tmut/Air       3%         N/A       100%        7
 Ignition                 Fire           3%         3d4       100%        8


Dungeon Overview and Level Annotations

Branches:
Dungeon (9/15) Zot: 473    Temple (1/1) D:6 Zot: 529    Lair (1/5) D:9 Zot: 557
    Orc: D:9-12

Altars:
Ashenzari
Dithmenos
Gozag
Nemelex Xobeh
Okawaru
Qazlal
Ru
Trog
Vehumet
Zin
The Shining One

Shops:
D:5 (

Annotations:
D:7 Dowan, Duvessa
D:9 Gastronok


Innate Abilities, Weirdness & Mutations

You passively map the area around you.
You are easily found by Zot.
You glow in the dark.
You regain HP and MP as you explore.


Message History

You feel very sick.
The wolf howls!
You feel very sick.
A wolf comes into view.
You feel stable enough to blink again.
You feel very sick.
The wolf howls!
You hear a howl!
A wolf comes into view.
You feel very sick.
You see here a wand of iceblast (7).
Casting: Blink (safe; 4% risk of failure)
Confirm with . or Enter, or press ? or * to list all spells.
Casting: Hailstorm (dangerous; 3% risk of failure)
Press: ? - help, Dir - look around, f - activate A cannonade of hail descends around you!
The hail pelts the five-headed hydra!
The five-headed hydra is severely wounded.
You feel sick. The wolf bites you but does no damage.
The black mamba barely misses you. The wolf bites you.
The black mamba closely misses you.
s - a wand of iceblast (20) (gained 7 charges)
You feel sick. The wolf bites you. The black mamba barely misses you.
The five-headed hydra bites you but does no damage.
The five-headed hydra bites you! The five-headed hydra misses you.
The five-headed hydra bites you but does no damage.
The five-headed hydra bites you!
* * * LOW HITPOINT WARNING * * *
The wolf barely misses you. The black mamba bites you!
* * * LOW HITPOINT WARNING * * *
Casting: Hailstorm (dangerous; 3% risk of failure)
Confirm with . or Enter, or press ? or * to list all spells.
You blink.
You feel sick.
You feel better.
As you read the scroll of teleportation, it crumbles to dust.
You feel strangely unstable.
The seven-headed hydra barely misses you.
The seven-headed hydra bites you!
* * * LOW HITPOINT WARNING * * *
The seven-headed hydra bites you!
You die...

, .# ?.. ⌠.... * , ,,, ,
....##.......#####... , ,
.....#...>.†.#....... ,
,........###.†.......##
*,,,, ,
.....................# *, .,
, , .....................#
..,
......)....P†........##,...
,, ,
...........#..h.......#..# ,
.............###@DhD......##
* ...........###
#..hS.......# *
...........## *#......§...#
............# #............#
............# #............#
...........## ##..........##
............# *#..........#
..<.........# #P..........#
............##P..........##


You could see a seven-headed hydra (slow), a five-headed hydra, a black mamba
and 3 wolves.

Vanquished Creatures
  Pikel (D:4)
  A hornet (D:9)
  2 wyverns
  2 steam dragons
  Edmund (D:4)
  A water moccasin (D:6)
  2 sky beasts
  2 orc warriors
  5 black bears
  An ice beast (D:7)
  3 ogres
  A wolf (Lair:1)
  A lemure (D:4)
  2 gnoll sergeants (D:9)
  3 kobold brigands
  3 scorpions
  7 bullfrogs
  6 wights (D:7)
  12 killer bees
  A howler monkey (D:7)
  A jelly (D:4)
  3 orc priests
  An iguana (D:6)
  Crazy Yiuf (D:2)
  12 orc wizards
  A mummy (D:6)
  Robin (D:4)
  8 gnolls (D:9)
  6 adders
  A shadow imp (D:7)
  3 white imps
  An ufetubus (D:5)
  A worm (D:2)
  4 dart slugs
  25 orcs
  6 bats
  2 endoplasms
  18 goblins
  9 hobgoblins
  11 jackals
  26 kobolds
  3 quokkas
  6 ball pythons
  3 frilled lizards (D:3)
  2 rats
212 creatures vanquished.

Vanquished Creatures (others)
  10 plants (D:3)
10 creatures vanquished.

Grand Total: 222 creatures vanquished

Notes
Turn   | Place    | Note
-------+----------+-------------------------------------------
     0 | D:1      | hawla the Meteoran Ice Elementalist began the quest for the
                  | Orb.
     0 | D:1      | Reached XP level 1. HP: 14/14 MP: 5/5
   209 | D:1      | Reached XP level 2. HP: 19/20 MP: 3/6
   426 | D:1      | Reached XP level 3. HP: 26/26 MP: 6/8
   487 | D:1      | Reached skill level 5 in Ice Magic
   491 | D:1      | Learned a level 3 spell: Frozen Ramparts
   499 | D:1      | Glimpsed the power of Zot.
   618 | D:2      | Found an opulent altar of Gozag.
   631 | D:2      | Reached XP level 4. HP: 33/33 MP: 5/9
   739 | D:2      | Found a runed translucent door.
   740 | D:2      | Noticed Crazy Yiuf
   984 | D:2      | Reached XP level 5. HP: 37/39 MP: 8/12
  1093 | D:2      | Glimpsed the power of Zot.
  1102 | D:2      | Killed Crazy Yiuf
  1103 | D:2      | Reached skill level 1 in Short Blades
  1162 | D:3      | Learned a level 4 spell: Hailstorm
  1668 | D:3      | Glimpsed the power of Zot.
  1676 | D:4      | Noticed Edmund
  1688 | D:4      | Killed Edmund
  1689 | D:4      | Reached skill level 7 in Ice Magic
  1689 | D:4      | Reached XP level 6. HP: 21/46 MP: 7/13
  1717 | D:4      | Reached XP level 7. HP: 36/51 MP: 3/14
  1760 | D:4      | Found a sparkling altar of Nemelex Xobeh.
  1837 | D:4      | Noticed Robin
  1850 | D:4      | Killed Robin
  1851 | D:4      | Reached skill level 8 in Ice Magic
  1966 | D:4      | Noticed Pikel
  1978 | D:4      | Killed Pikel
  1979 | D:4      | Reached skill level 1 in Conjurations
  1979 | D:4      | Reached skill level 10 in Ice Magic
  1979 | D:4      | Reached XP level 8. HP: 30/58 MP: 8/15
  1982 | D:4      | Learned a level 2 spell: Blink
  2264 | D:4      | Glimpsed the power of Zot.
  2278 | D:5      | Entered Level 5 of the Dungeon
  2376 | D:5      | Found a glowing golden altar of the Shining One.
  2376 | D:5      | Found a shadowy altar of Dithmenos.
  2422 | D:5      | Gained mutation: You passively map the area around you.
                  | [Meteoran growth]
  2422 | D:5      | Reached XP level 9. HP: 37/63 MP: 4/16
  2437 | D:5      | Found Leodinoi's Weapon Shop.
  2757 | D:5      | Learned a level 4 spell: Dispel Undead
  2780 | D:6      | Reached skill level 1 in Necromancy
  3071 | D:6      | Reached skill level 5 in Necromancy
  3098 | D:6      | Found a staircase to the Ecumenical Temple.
  3112 | Temple   | Entered the Ecumenical Temple
  3167 | Temple   | Became a worshipper of Vehumet
  3325 | D:6      | Reached skill level 1 in Fighting
  3369 | D:6      | Reached skill level 5 in Spellcasting
  3455 | D:6      | Reached XP level 10. HP: 63/72 MP: 10/18
  3530 | D:6      | Glimpsed the power of Zot.
  3580 | D:6      | Glimpsed the power of Zot.
  3652 | D:7      | Reached skill level 11 in Ice Magic
  3711 | D:6      | Reached * piety under Vehumet
  3711 | D:6      | Offered knowledge of Foxfire by Vehumet.
  4127 | D:7      | Glimpsed the power of Zot.
  4177 | D:7      | Glimpsed the power of Zot.
  4201 | D:7      | Noticed Dowan
  4201 | D:7      | Noticed Duvessa
  4311 | D:8      | Found a sacrificial altar of Ru.
  4367 | D:8      | Identified the +1 leather armour "Farizem" {+Blink rF+ rN+}
  4420 | D:8      | Found an iron altar of Okawaru.
  4688 | D:9      | Noticed Gastronok
  4742 | D:9      | Offered knowledge of Scorch by Vehumet.
  4749 | D:9      | Reached ** piety under Vehumet
  4843 | D:9      | Reached XP level 11. HP: 34/82 MP: 16/23
  4920 | D:9      | Found a staircase to the Lair.
  4953 | Lair:1   | Entered Level 1 of the Lair of Beasts
  4977 | Lair:1   | Noticed a black mamba
  4979 | Lair:1   | Noticed a seven-headed hydra
  4979 | Lair:1   | Noticed a five-headed hydra
  4986 | Lair:1   | Reached skill level 12 in Ice Magic
  4995 | Lair:1   | Mangled by a seven-headed hydra

Illustrated notes

Levels and vault maps discovered:
D:1:      roderic_chinese_lattice_arrival, layout_loops_cross,
          minmay_shallow_snake_nest
D:2:      layout_rooms, basic_altar, guppyfry_early_orc_mine,
          uniq_crazy_yiuf_cottage
D:3:      layout_loops_ring, dk_yredelemnul_ordeal, lexackson_kobold_supper,
          uniq_ijyb
D:4:      layout_cave_pools, nemelex_spade_bored_becter, kennysheep_doodads,
          uniq_pikel, uniq_edmund, uniq_robin
D:5:      layout_cave_pools, gammafunk_temple_overflow_elements, serial_shops,
          nicolae_shop_crystal
D:6:      layout_basic, minmay_temple_entry_junction
D:7:      layout_cave_pools, lemuel_mausoleum_altar_kikubaaqudgha,
          mainiacjoe_overflow_alcove_4, mainiacjoe_overflow_brackets,
          uniq_duvessa
D:8:      layout_rooms, nicolae_ru_sacrificial_ziggurat,
          kennysheep_okawaru_gauntlet, hex_tiny,
          amcnicky_mini_rare_corridor_liquid
D:9:      layout_rooms, lair_entry_dummy, kennysheep_pointless_box,
          minmay_misc_feat_five, uniq_gastronok
Temple:   hellmonk_temple_forest_ring
Lair:1:   layout_hall_layers, chequers_serial_rivers_room_b,
          cheibrodos_lair_lostbears, grunt_megastairs_5

Skill      XL: |  1  2  3  4  5  6  7  8  9 10 11 |
---------------+----------------------------------+-----
Spellcasting   | 3 4 5 7 |  7.8
Ice Magic      | 5 7 10 11 12 | 12.0
Short Blades   | 1 3 4 |  4.2
Conjurations   | 1 4 |  4.3
Translocations | 2 |  2.9
Dodging        | 3 4 |  4.8
Necromancy     | 6 |  6.2
Fighting       | 1 3 |  3.2
Stealth        | |  1.4

Action                   |  1- 3 |  4- 6 |  7- 9 | 10-12 || total
-------------------------+-------+-------+-------+-------++-------
Melee: Rapier            |    17 |    62 |    73 |    66 ||   218
       Punch             |       |       |     1 |     1 ||     2
 Cast: Freeze            |    20 |    10 |     7 |     8 ||    45
       Frozen Ramparts   |     4 |    19 |    20 |    16 ||    59
       Hailstorm         |       |     2 |    13 |    42 ||    57
       Blink             |       |       |     2 |     7 ||     9
       Dispel Undead     |       |       |       |     1 ||     1
  Use: Scroll            |     1 |     4 |     5 |    10 ||    20
       Potion            |       |       |       |     5 ||     5
Armor: Robe              |     8 |    23 |    17 |       ||    48
       Steam dragon scal |       |       |    10 |    45 ||    55
       Skin              |       |       |       |     7 ||     7
Dodge: Dodged            |    23 |    37 |    47 |   103 ||   210
